 Dungeon Crawl Stone Soup version 0.16.0 (webtiles) character file.

3 Sixotanaka the Chiller (level 1, -1/13 HPs)
             Began as a Merfolk Ice Elementalist on Mar 17, 2015.
             Hit by a stone thrown by a hobgoblin (2 damage)
             ... on level 1 of the Dungeon.
             The game lasted 00:00:43 (194 turns).

Sixotanaka the Chiller (Merfolk Ice Elementalist)    Turns: 194, Time: 00:00:43

Health: -1/13      AC:  2    Str:  8    XL:     1   Next: 50%
Magic:  0/3        EV: 13    Int: 14    God:
Gold:   17         SH:  0    Dex: 14    Spells: 1 memorised, 3 levels left

rFire  . . .     SeeInvis .     (no weapon)
rCold  . . .     Clarity  .     a - +0 robe
rNeg   . . .     SustAb   .     (no shield)
rPois  .         Gourm    .     (no helmet)
rElec  .         Spirit   .     (no cloak)
rCorr  .         Warding  .     (no gloves)
rMut   .         Stasis   .     (no boots)
MR     +....                    (no amulet)
Stlth  ++........               (no ring)
                                e - ring of protection from magic

@: somewhat resistant to hostile enchantments, unstealthy
A: change form in water, swift swim
a: no special abilities


You were on level 1 of the Dungeon.
You were not hungry.

You visited 1 branch of the dungeon, and saw 1 of its levels.

You collected 17 gold pieces.


   Skills:
 - Level 2.6 Dodging
 - Level 2.1 Stealth
 - Level 2.0 Spellcasting
   Level 0.7 Conjurations
 + Level 3.5 Ice Magic


You had 3 spell levels left.
You knew the following spells:

 Your Spells              Type           Power        Failure   Level  Hunger
z - Freeze                Ice            ##..         6%          1    ##.....


Dungeon Overview and Level Annotations

Branches:
Dungeon (1/15)

Altars:

Inventory:

Hand weapons
 f - a +0 whip
Armour
 a - a +0 robe (worn)
Jewellery
 e - a ring of protection from magic (left hand)
Scrolls
 d - a scroll of remove curse {unknown}
Books
 b - a book of Frost
Comestibles
 c - a bread ration

#.##.# ######)###### #.#
#.##.##### ###8#8'8### #####.##
#.#.##...###.........###..≈##.#
#.#.#....##...........##..≈≈#.#
#.#.#....#......(.....'#...≈#(#
#...'...........<.....8(...§((#
#.#.#....#............##((.≈#(#
#.#.#....##...........##(§≈≈#.#
#.#.##...###...@.(...###..§##.#
#.##.##### ####8(8#### ######.#
#.# . ##g## .## #.# .#
#..§..(.....# #. #.# #.
#≈≈§.§§§.§§§# .# #..
###≈≈§≈§§§### .# ##. ####+####
#


You could see a hobgoblin.


Message History

The goblin throws a stone.
The stone hits you but does no damage.
You see here 3 stones.
The goblin throws a stone.
The stone closely misses you.
The goblin throws a stone.
The stone barely misses you.
You see here 3 stones.
The goblin throws a stone.
The stone hits you but does no damage.
You see here 2 stones.
There is an open door here.
There is an open door here.
There is a staircase leading out of the dungeon here.
You open the door.
There is an open door here.
You open the door.
The goblin throws a stone.
The stone barely misses you.
A goblin is nearby!
The goblin shouts!
The goblin throws a stone.
The stone misses you.
The goblin throws a stone.
The stone hits you.
There is an open door here.
You see here 2 stones.
The goblin throws a stone.
The stone barely misses you.
You see here a stone.
You barely miss the goblin. The goblin closely misses you.
The goblin throws a stone.
The stone hits you but does no damage.
You freeze the goblin.
You kill the goblin!
You freeze the goblin.
You kill the goblin!
You start resting.
There is an open door here.
You see here 2 stones.
There is an open door here.
You open the door.
The kobold shouts!
The kobold closely misses you.
There is an open door here.
You hit the kobold.
You kill the kobold!
There is an open door here.
Things that are here:
a mace; a kobold corpse
There is an open door here.
You see here 32 stones.
You open the large door.
A hobgoblin comes into view.
The hobgoblin shouts!
The hobgoblin throws a stone.
The stone closely misses you.
A hobgoblin comes into view.
The hobgoblin shouts!
The hobgoblin throws a stone.
The stone completely misses you.
The hobgoblin throws a stone.
The stone hits you.
There is a large open door here.
You see here a stone.
The hobgoblin throws a stone.
The stone hits you.
There is a large open door here.
You see here a stone.
You freeze the hobgoblin.
The hobgoblin throws a stone.
The stone barely misses you. The hobgoblin hits you.
You freeze the hobgoblin.
You kill the hobgoblin!
You freeze the hobgoblin. The hobgoblin hits you.
* * * LOW HITPOINT WARNING * * *
You don't have enough magic to cast that spell.
You are too injured to fight recklessly!
You are too injured to fight recklessly!
You completely miss the hobgoblin. The hobgoblin hits you.
* * * LOW HITPOINT WARNING * * *
There is a large open door here.
You see here a stone.
The hobgoblin throws a stone.
The stone hits you.
You die...

Action                   || total
-------------------------++-------
Melee: Unarmed           ||     3
 Cast: Freeze            ||     5

Vault maps used:
D:1:      dpeg_arrival_morbid_curiosity

Notes
Turn   | Place    | Note
--------------------------------------------------------------
     0 | D:1      | Sixotanaka, the Merfolk Ice Elementalist, began the quest for the Orb.
     0 | D:1      | Reached XP level 1. HP: 13/13 MP: 3/3
   192 | D:1      | HP: 1/13 [hobgoblin (5)]
   194 | D:1      | Hit by a stone thrown by a hobgoblin

Vanquished Creatures
  A hobgoblin (D:1)
  2 goblins (D:1)
  A kobold (D:1)
4 creatures vanquished.
